 Dungeon Crawl Stone Soup version 0.17-a0-670-g5d95ebd (webtiles) character file.

631 Leibowitz the Sneak (level 7, 0/44 HPs)
             Began as a Kobold Fighter on Apr 18, 2015.
             Slain by a phantom (9 damage)
             ... on level 6 of the Dungeon.
             The game lasted 00:25:39 (5197 turns).

Leibowitz the Sneak (Kobold Fighter)                Turns: 5197, Time: 00:25:39

Health: 0/44       AC:  2    Str: 15    XL:     7   Next: 78%
Magic:  7/7        EV: 17    Int:  6    God:
Gold:   184        SH:  7    Dex: 17    Spells: 0 memorised, 6 levels left

rFire  . . .     SeeInvis +     a - +2 dagger (freeze)
rCold  . . .     Clarity  .     i - +0 robe
rNeg   . . .     SustAb   .     c - +1 buckler
rPois  .         Gourm    .     (no helmet)
rElec  .         Spirit   .     (no cloak)
rCorr  +         Warding  .     (no gloves)
rMut   .         Stasis   .     (no boots)
MR     .....                    u - amulet of resist corrosion
Stlth  ++++......               (no ring)
                                r - ring of see invisible

@: not resistant to hostile enchantments, stealthy
A: carnivore 3
a: no special abilities


You were on level 6 of the Dungeon.
You were very full.

You visited 1 branch of the dungeon, and saw 6 of its levels.

You collected 184 gold pieces.

Inventory:

Hand weapons
 a - a +2 dagger of freezing (weapon)
 b - a +0 blowgun
 h - a +0 rapier
 n - a +0 short sword of flaming
Missiles
 g - 18 poisoned needles
 o - 4 curare-tipped needles
Armour
 c - a +1 buckler (worn)
 i - a +0 robe (worn)
Jewellery
 r - a ring of see invisible (left hand)
 u - an amulet of resist corrosion (around neck)
Magical devices
 q - a wand of frost (34)
Scrolls
 f - a scroll of remove curse
 m - a scroll of amnesia
 t - 3 scrolls of identify
Potions
 e - 4 potions of might
 k - a potion of restore abilities
 l - 2 potions of agility
 s - a potion of curing
Comestibles
 d - 5 meat rations
 j - a beef jerky


   Skills:
 * Level 4.5 Fighting
 * Level 4.2 Short Blades
 + Level 2.4 Throwing
 + Level 2.5 Armour
 * Level 4.6 Dodging
 * Level 5.5 Stealth
 * Level 3.3 Shields
 + Level 0.2 Evocations


You had 6 spell levels left.
You didn't know any spells.

Dungeon Overview and Level Annotations

Branches:
Dungeon (6/15)
 Temple: D:4-7

Altars:
Fedhas
Gozag
Qazlal
Ru
Sif Muna
Trog
Vehumet
Zin

Shops:
D:5 %

Annotations:
D:4 Virusyak's ghost, average GrFi


Innate Abilities, Weirdness & Mutations

You are small and have problems with some larger weapons.
You are carnivorous and can eat meat at any time.


Message History

You start resting.
You feel sick.
You feel sick. x3
You are no longer poisoned.
You start resting.
A jackal comes into view.
Eat which item? (? for menu, Esc to quit)
Okay, then.
The phantom hits you! You block the phantom's attack.
You hit the phantom.
The phantom is lightly damaged.
You hit the phantom.
The phantom is lightly damaged.
The phantom hits you!
You closely miss the phantom.
The phantom is lightly damaged.
The phantom hits you.
* * * LOW HITPOINT WARNING * * *
The phantom hits you!
You die...

#######.# ####
#<......# ...
#.#######
#.###.####
#..@.....#
#.W##.##.#
#..##.# #
#.......<.....
..h..##.##.####
###..##.# #
........
....##.. #.####


You could see a phantom and a jackal (wandering).

Vanquished Creatures
  A giant frog (D:5)
  A scorpion (D:5)
  A quasit (D:5)
  A gnoll shaman (D:4)
  2 orc priests (D:5)
  2 orc wizards (D:5)
  2 worker ants
  A hound zombie (D:5)
  6 gnolls
  7 adders
  3 oozes (D:1)
  2 worms
  6 giant geckos
  14 orcs
  3 ball pythons
  A bat skeleton (D:4)
  4 giant cockroaches
  10 goblins
  15 hobgoblins
  3 jackals (D:4)
  15 bats
  2 giant newts
  A jackal skeleton (D:4)
  15 kobolds
  17 rats
135 creatures vanquished.

Notes
Turn   | Place    | Note
--------------------------------------------------------------
     0 | D:1      | Leibowitz, the Kobold Fighter, began the quest for the Orb.
     0 | D:1      | Reached XP level 1. HP: 14/14 MP: 1/1
    66 | D:1      | Reached XP level 2. HP: 19/19 MP: 2/2
    79 | D:1      | Reached skill level 1 in Stealth
   420 | D:1      | Reached skill level 1 in Dodging
   420 | D:1      | Reached XP level 3. HP: 20/23 MP: 3/3
   949 | D:1      | Reached XP level 4. HP: 29/29 MP: 4/4
  1431 | D:2      | You fall through a shaft for 2 floors!
  1546 | D:3      | Found a radiant altar of Vehumet.
  1749 | D:2      | Found a bloodstained altar of Trog.
  1818 | D:2      | Reached XP level 5. HP: 30/33 MP: 5/5
  3058 | D:3      | Found a sacrificial altar of Ru.
  3100 | D:3      | Found a blossoming altar of Fedhas.
  3100 | D:3      | Found a bloodstained altar of Trog.
  3300 | D:4      | Found a deep blue altar of Sif Muna.
  3358 | D:4      | Found an opulent altar of Gozag.
  3432 | D:4      | Found a glowing silver altar of Zin.
  3489 | D:4      | Reached XP level 6. HP: 36/38 MP: 6/6
  3512 | D:4      | Reached skill level 1 in Throwing
  3535 | D:4      | Reached skill level 4 in Fighting
  3771 | D:4      | Noticed Virusyak's ghost (average GrFi)
  3795 | D:5      | Entered Level 5 of the Dungeon
  4305 | D:5      | Reached XP level 7. HP: 24/43 MP: 7/7
  4607 | D:5      | Found a stormy altar of Qazlal.
  4701 | D:5      | Found Win Hueh's Food Emporium.
  4715 | D:5      | Reached skill level 5 in Stealth
  5197 | D:6      | Slain by a phantom

Action                   |  1- 3 |  4- 6 |  7- 9 || total
-------------------------+-------+-------+-------++-------
Melee: Dagger            |    18 |   181 |    43 ||   242
       Rapier            |     4 |       |       ||     4
       Short sword       |    85 |    57 |       ||   142
 Fire: Blowgun           |       |    44 |     9 ||    53
Throw: Throwing net      |       |     3 |       ||     3
Evoke: Wand              |       |     9 |       ||     9
  Use: Potion            |       |    10 |       ||    10
       Scroll            |       |     6 |       ||     6
 Stab: Sleeping          |       |    11 |     7 ||    18
       Distracted        |       |     3 |       ||     3
       Held in net/web   |       |     1 |       ||     1
  Eat: Chunk             |     8 |     9 |     4 ||    21
